TOP OF THE 1ST |
Nashville Sounds batting - Pitching for Oklahoma City Dodgers : LHP Chris Thompson
|
Pitching: LHP Chris Thompson
|
|
Batting: RHB Alex Morales
|
0-0: Ground out 1-3 (Groundball, 13, EV 76.3 MPH)
|
Batting: RHB Mike Taylor
|
0-0: Fly out, F5 (Line Drive, 5D, EV 72.5 MPH)
|
Batting: RHB Matt Sanchez
|
0-0: SINGLE (Line Drive, 9LS, EV 93.1 MPH)
|
Batting: LHB Nick Thompson
|
0-0: Swinging Strike 0-1: Foul Ball, location: 3FF 0-2: Strikes out swinging
|
Top of the 1st over - 0 runs, 1 hit, 0 errors, 1 left on base; Nashville 0 - Oklahoma City 0 |
BOTTOM OF THE 1ST |
Oklahoma City Dodgers batting - Pitching for Nashville Sounds : LHP Wade Ray
|
Pitching: LHP Wade Ray
|
|
Batting: LHB Ricky Alvarez
|
0-0: Called Strike 0-1: Ball 1-1: SINGLE (Line Drive, 89M, EV 105.0 MPH)
|
Batting: LHB Marcos Rosario
|
0-0: Ball 1-0: Foul Ball, location: 2F 1-1: Ball 2-1: Ball 3-1: Base on Balls Ricky Alvarez to second
|
Batting: RHB Curtis Thomasson
|
0-0: Ball 1-0: Called Strike 1-1: Swinging Strike 1-2: Ball 2-2: Foul Ball, location: 2F 2-2: Strikes out swinging
|
Batting: RHB Raul Vara
|
0-0: Foul Ball, location: 9LSF 0-1: Foul Ball, location: 3FF 0-2: Grounds into double play, 5-4-3 (Groundball, 56S, EV 79.4 MPH)
|
Bottom of the 1st over - 0 runs, 1 hit, 0 errors, 1 left on base; Nashville 0 - Oklahoma City 0 |
TOP OF THE 2ND |
Nashville Sounds batting - Pitching for Oklahoma City Dodgers : LHP Chris Thompson
|
Batting: RHB Matt Kieffer
|
0-0: Called Strike 0-1: Ball 1-1: SOLO HOME RUN (Flyball, 8LXD, EV 103.1 MPH), Distance : 421 ft
|
Batting: SHB Rafael Tiscareno
|
0-0: Ball 1-0: Ball 2-0: SINGLE (Groundball, 34D, EV 95.6 MPH)
|
Batting: RHB Greg Molz
|
0-0: Ball 1-0: Foul Ball, location: 5SF 1-1: Swinging Strike 1-2: Foul Ball, location: 2F 1-2: Foul Ball, location: 2F 1-2: Ball 2-2: Strikes out swinging
|
Batting: LHB Bobby Wilkes
|
0-0: Called Strike 0-1: Ball 1-1: Foul Ball, location: 2F 1-2: Foul Ball, location: 3F 1-2: Foul Ball, location: 2F 1-2: Ball 2-2: Ball 3-2: Base on Balls Rafael Tiscareno to second
|
Batting: LHB Cameron Johnson
|
0-0: Ball 1-0: Fly out, F5 (Popup, 25F, EV 76.9 MPH)
|
Batting: RHB Alex Morales
|
0-0: Ball 1-0: Swinging Strike 1-1: Ball 2-1: Fielders Choice at 2nd, 6-4 (Groundball, 6, EV 92.5 MPH)
|
Top of the 2nd over - 1 run, 2 hits, 0 errors, 2 left on base; Nashville 1 - Oklahoma City 0 |
BOTTOM OF THE 2ND |
Oklahoma City Dodgers batting - Pitching for Nashville Sounds : LHP Wade Ray
|
Batting: RHB Allen Vann
|
0-0: Called Strike 0-1: Ground out 6-3 (Groundball, P, EV 82.5 MPH)
|
Batting: RHB Keegan Huggett
|
0-0: Called Strike 0-1: Swinging Strike 0-2: Ball 1-2: Ball 2-2: SINGLE (Groundball, 4MD, EV 106.3 MPH)
|
Batting: RHB Manny Barraza
|
0-0: Called Strike 0-1: Swinging Strike 0-2: Ball 1-2: Foul Ball, location: 7LSFF 1-2: Strikes out swinging
|
Batting: SHB Bob Porter
|
0-0: SINGLE (Line Drive, 6MD, EV 108.1 MPH) Keegan Huggett to second
|
Batting: RHB Luke Leis
|
0-0: Foul Ball, location: 5FF 0-1: Swinging Strike 0-2: Strikes out swinging
|
Bottom of the 2nd over - 0 runs, 2 hits, 0 errors, 2 left on base; Nashville 1 - Oklahoma City 0 |
TOP OF THE 3RD |
Nashville Sounds batting - Pitching for Oklahoma City Dodgers : LHP Chris Thompson
|
Batting: RHB Mike Taylor
|
0-0: DOUBLE (Line Drive, 89XD, EV 104.4 MPH)
|
Batting: RHB Matt Sanchez
|
0-0: Ball 1-0: Called Strike 1-1: Swinging Strike 1-2: Ball 2-2: Strikes out swinging
|
Batting: LHB Nick Thompson
|
0-0: Fly out, F8 (Flyball, 78M, EV 90.6 MPH)
|
Batting: RHB Matt Kieffer
|
0-0: Foul Ball, location: 2F 0-1: Called Strike 0-2: Ball 1-2: Strikes out swinging
|
Top of the 3rd over - 0 runs, 1 hit, 0 errors, 1 left on base; Nashville 1 - Oklahoma City 0 |
BOTTOM OF THE 3RD |
Oklahoma City Dodgers batting - Pitching for Nashville Sounds : LHP Wade Ray
|
Batting: LHB Ricky Alvarez
|
0-0: Called Strike 0-1: Ball 1-1: Fly out, F8 (Flyball, 8LD, EV 110.6 MPH)
|
Batting: LHB Marcos Rosario
|
0-0: Called Strike 0-1: Called Strike 0-2: Ball 1-2: Strikes out swinging
|
Batting: RHB Curtis Thomasson
|
0-0: Ball 1-0: Ball 2-0: SOLO HOME RUN (Flyball, 9D, EV 96.3 MPH), Distance : 364 ft
|
Batting: RHB Raul Vara
|
0-0: Called Strike 0-1: Called Strike 0-2: Ball 1-2: Foul Ball, location: 9LMF 1-2: Foul Ball, location: 9LMFF 1-2: Fly out, F4 (Popup, 3S, EV 77.5 MPH)
|
Bottom of the 3rd over - 1 run, 1 hit, 0 errors, 0 left on base; Nashville 1 - Oklahoma City 1 |
TOP OF THE 4TH |
Nashville Sounds batting - Pitching for Oklahoma City Dodgers : LHP Chris Thompson
|
Batting: SHB Rafael Tiscareno
|
0-0: Ball 1-0: Ball 2-0: Ball 3-0: Called Strike 3-1: Fly out, F7 (Line Drive, 7S, EV 96.3 MPH)
|
Batting: RHB Greg Molz
|
0-0: Ball 1-0: Fly out, F7 (Line Drive, 7, EV 96.3 MPH)
|
Batting: LHB Bobby Wilkes
|
0-0: Ball 1-0: Ball 2-0: Ball 3-0: Called Strike 3-1: Called Strike 3-2: Strikes out looking
|
Top of the 4th over - 0 runs, 0 hits, 0 errors, 0 left on base; Nashville 1 - Oklahoma City 1 |
BOTTOM OF THE 4TH |
Oklahoma City Dodgers batting - Pitching for Nashville Sounds : LHP Wade Ray
|
Batting: RHB Allen Vann
|
0-0: Ball 1-0: Swinging Strike 1-1: SINGLE (Flyball, 89S, EV 90.6 MPH)
|
Batting: RHB Keegan Huggett
|
0-0: Called Strike 0-1: Swinging Strike 0-2: Foul Ball, location: 23F 0-2: SINGLE (Groundball, 6MD, EV 102.5 MPH) Allen Vann to second Runner from 2nd tries for 3rd, SAFE, throw by CF made to third
|
Batting: RHB Manny Barraza
|
0-0: Swinging Strike 0-1: Ball 1-1: Foul Ball, location: 3F 1-2: Foul Ball, location: 23F 1-2: Ball 2-2: Strikes out swinging
|
Batting: SHB Bob Porter
|
0-0: Ball 1-0: Grounds into double play, 6-4-3 (Groundball, 6S, EV 79.4 MPH)
|
Bottom of the 4th over - 0 runs, 2 hits, 0 errors, 1 left on base; Nashville 1 - Oklahoma City 1 |
TOP OF THE 5TH |
Nashville Sounds batting - Pitching for Oklahoma City Dodgers : LHP Chris Thompson
|
Batting: LHB Cameron Johnson
|
0-0: Ball 1-0: Foul Ball, location: 3DF 1-1: Ground out 4-3 (Groundball, 34, EV 84.4 MPH)
|
Batting: RHB Alex Morales
|
0-0: Called Strike 0-1: Called Strike 0-2: Ball 1-2: Ball 2-2: SINGLE (Line Drive, 89M, EV 88.8 MPH)
|
Batting: RHB Mike Taylor
|
0-0: Ball 1-0: Ball 2-0: Called Strike 2-1: Foul Ball, location: 9LSF 2-2: Fly out, F7 (Flyball, 7LM, EV 89.4 MPH)
|
Batting: RHB Matt Sanchez
|
0-0: Ball 1-0: SINGLE (Line Drive, 8LS, EV 90.0 MPH) Alex Morales to second
|
Batting: LHB Nick Thompson
|
0-0: Ball 1-0: Foul Ball, location: 2F 1-1: Ball 2-1: Ball 3-1: Called Strike 3-2: Strikes out swinging
|
Top of the 5th over - 0 runs, 2 hits, 0 errors, 2 left on base; Nashville 1 - Oklahoma City 1 |
BOTTOM OF THE 5TH |
Oklahoma City Dodgers batting - Pitching for Nashville Sounds : LHP Wade Ray
|
Batting: RHB Luke Leis
|
0-0: Ball 1-0: Ball 2-0: Ball 3-0: Base on Balls
|
Batting: LHB Ricky Alvarez
|
0-0: Called Strike 0-1: Ball 1-1: Ball 2-1: Grounds into double play, 5-4-3 (Groundball, 5, EV 86.9 MPH)
|
Batting: LHB Marcos Rosario
|
0-0: Called Strike 0-1: Foul Ball, location: 2F 0-2: Strikes out swinging
|
Bottom of the 5th over - 0 runs, 0 hits, 0 errors, 0 left on base; Nashville 1 - Oklahoma City 1 |
TOP OF THE 6TH |
Nashville Sounds batting - Pitching for Oklahoma City Dodgers : LHP Chris Thompson
|
Batting: RHB Matt Kieffer
|
0-0: Called Strike 0-1: Foul Ball, location: 23FF 0-2: Ball 1-2: Ground out 3-1 (Groundball, 34S, EV 80.6 MPH)
|
Batting: SHB Rafael Tiscareno
|
0-0: Ball 1-0: Ground out 4-3 (Groundball, 4, EV 101.9 MPH)
|
Batting: RHB Greg Molz
|
0-0: Fly out, F7 (Flyball, 7, EV 76.9 MPH)
|
Top of the 6th over - 0 runs, 0 hits, 0 errors, 0 left on base; Nashville 1 - Oklahoma City 1 |
BOTTOM OF THE 6TH |
Oklahoma City Dodgers batting - Pitching for Nashville Sounds : LHP Wade Ray
|
Batting: RHB Curtis Thomasson
|
0-0: Ball 1-0: Fly out, F8 (Flyball, 89D, EV 91.3 MPH)
|
Batting: RHB Raul Vara
|
0-0: Ball 1-0: Swinging Strike 1-1: Ball 2-1: Swinging Strike 2-2: Strikes out swinging
|
Batting: RHB Allen Vann
|
0-0: Ball 1-0: Ball 2-0: Ball 3-0: Base on Balls
|
Batting: RHB Keegan Huggett
|
0-0: Called Strike 0-1: SINGLE (Line Drive, 34D, EV 99.4 MPH) Allen Vann to second Runner from 2nd tries for 3rd, SAFE, throw by RF made to third
|
Batting: RHB Manny Barraza
|
0-0: Ball 1-0: Fielders Choice at 2nd, 6-4 (Groundball, 6, EV 101.9 MPH)
|
Bottom of the 6th over - 0 runs, 1 hit, 0 errors, 2 left on base; Nashville 1 - Oklahoma City 1 |
TOP OF THE 7TH |
Nashville Sounds batting - Pitching for Oklahoma City Dodgers : LHP Chris Thompson
|
Pinch Hitting: RHB Carlos Salgado
|
0-0: Ball 1-0: Ground out 1-3 (Groundball, 13, EV 66.3 MPH)
|
Batting: LHB Cameron Johnson
|
0-0: Ground out 4-3 (Groundball, 4, EV 92.5 MPH)
|
Batting: RHB Alex Morales
|
0-0: Ball 1-0: SINGLE (Groundball, 3D, EV 96.9 MPH)
|
Pitching: RHP Tyler Jones
|
|
Batting: RHB Mike Taylor
|
0-0: Ball 1-0: Ground out 4-3 (Groundball, 34, EV 102.5 MPH)
|
Top of the 7th over - 0 runs, 1 hit, 0 errors, 1 left on base; Nashville 1 - Oklahoma City 1 |
BOTTOM OF THE 7TH |
Oklahoma City Dodgers batting - Pitching for Nashville Sounds : LHP Wade Ray
|
Now at 3B: Carlos Salgado
|
|
Batting: SHB Bob Porter
|
0-0: Foul Ball, location: 2F 0-1: Ball 1-1: Ball 2-1: Called Strike 2-2: SINGLE (Line Drive, 6D, EV 95.6 MPH)
|
Batting: RHB Luke Leis
|
0-0: Called Strike 0-1: Called Strike 0-2: Ball 1-2: Ball 2-2: DOUBLE (Line Drive, 89D, EV 104.4 MPH) Bob Porter to third
|
Batting: RHB Andy Granadoz
|
0-0: Ball 1-0: Foul Ball, location: 3SF 1-1: Foul Ball, location: 2F 1-2: Foul Ball, location: 2F 1-2: Strikes out looking
|
Pinch Hitting: RHB Gene Hollingsworth
|
0-0: Called Strike 0-1: Foul Ball, location: 7LSF 0-2: Strikes out swinging
|
Pitching: RHP Brent Vaught
|
|
Batting: RHB Curtis Thomasson
|
0-0: Called Strike 0-1: Ball 1-1: Foul Ball, location: 7LDF 1-2: SINGLE (Groundball, 4MD, EV 105.0 MPH) Bob Porter scores Luke Leis to third Runner from 3rd tries for Home, SAFE, throw by CF to home
|
Batting: RHB Raul Vara
|
0-0: Called Strike 0-1: Ball 1-1: Foul Ball, location: 2F 1-2: Strikes out swinging
|
Bottom of the 7th over - 2 runs, 3 hits, 0 errors, 1 left on base; Nashville 1 - Oklahoma City 3 |
TOP OF THE 8TH |
Nashville Sounds batting - Pitching for Oklahoma City Dodgers : RHP Tyler Jones
|
Now in LF: Allen Vann
|
|
Now in RF: David Gutierrez
|
|
Batting: RHB Matt Sanchez
|
0-0: Ball 1-0: Ball 2-0: Ball 3-0: Called Strike 3-1: Foul Ball, location: 25F 3-2: Strikes out swinging
|
Batting: LHB Nick Thompson
|
0-0: Called Strike 0-1: Ball 1-1: Ball 2-1: DOUBLE (Groundball, 5L, EV 109.4 MPH)
|
Batting: RHB Matt Kieffer
|
0-0: Ball 1-0: Foul Ball, location: 3F 1-1: Called Strike 1-2: Strikes out looking
|
Batting: SHB Rafael Tiscareno
|
0-0: Foul Ball, location: 3SF 0-1: Ball 1-1: Fly out, F9 (Line Drive, 9S, EV 86.3 MPH)
|
Top of the 8th over - 0 runs, 1 hit, 0 errors, 1 left on base; Nashville 1 - Oklahoma City 3 |
BOTTOM OF THE 8TH |
Oklahoma City Dodgers batting - Pitching for Nashville Sounds : RHP Brent Vaught
|
Pitching: RHP Phil McInnis
|
|
Batting: RHB Allen Vann
|
0-0: Ground out U3 (Groundball, 13, EV 85.0 MPH)
|
Batting: RHB Keegan Huggett
|
0-0: Ball 1-0: Fly out, F9 (Flyball, 89D, EV 94.4 MPH)
|
Batting: RHB Manny Barraza
|
0-0: Called Strike 0-1: Ball 1-1: Swinging Strike 1-2: Foul Ball, location: 2F 1-2: Ball 2-2: Foul Ball, location: 2F 2-2: Ground out U3 (Groundball, 34S, EV 73.8 MPH)
|
Bottom of the 8th over - 0 runs, 0 hits, 0 errors, 0 left on base; Nashville 1 - Oklahoma City 3 |
TOP OF THE 9TH |
Nashville Sounds batting - Pitching for Oklahoma City Dodgers : RHP Tyler Jones
|
Batting: RHB Greg Molz
|
0-0: Called Strike 0-1: Ball 1-1: Ball 2-1: Swinging Strike 2-2: Foul Ball, location: 2F 2-2: Foul Ball, location: 23F 2-2: Foul Ball, location: 5F 2-2: Strikes out looking
|
Pinch Hitting: SHB Bobby Hanley
|
0-0: Called Strike 0-1: Ball 1-1: SINGLE (Groundball, 34D, EV 102.5 MPH)
|
Pinch Hitting: RHB Efraim Leenders
|
0-0: Ball 1-0: Ball 2-0: Foul Ball, location: 3F 2-1: Ball 3-1: Foul Ball, location: 2F 3-2: Strikes out swinging
|
Pitching: RHP Josh Morgan
|
|
Batting: RHB Alex Morales
|
0-0: Called Strike 0-1: Ball 1-1: Ground out 4-3 (Groundball, 34D, EV 100.6 MPH)
|
Top of the 9th over - 0 runs, 1 hit, 0 errors, 1 left on base; Nashville 1 - Oklahoma City 3 |
|